 Dungeon Crawl Stone Soup version 0.16-a0-670-g3b10be2 (webtiles) character file.

3680 PolkaDot the Summoner (level 9, -4/57 HPs)
             Began as a Vampire Summoner on Sept 18, 2014.
             Was a Believer of Sif Muna.
             Killed from afar by an orc wizard (7 damage)
             ... with a magic dart
             ... on Level 9 of the Dungeon on Sept 19, 2014.
             The game lasted 00:48:00 (12995 turns).

PolkaDot the Summoner (Vampire Summoner)           Turns: 12995, Time: 00:48:01

HP  -4/57        AC  3     Str  7      XL: 9   Next: 90%
MP  27/27        EV 12     Int 20      God: Sif Muna [**....]
Gold 492         SH  0     Dex 14      Spells:  4 memorised,  4 levels left

rFire  + . .     SeeInvis +     z - +0 lajatang
rCold  . . .     Clarity  .     a - +0 robe
rNeg   . . .     rCorr    +     (no shield)
rPois  .         rRot     .     (no helmet)
rElec  .         Spirit   .     e - +0 cloak
SustAb .         Warding  .     (no gloves)
rMut   .         Stasis   .     (no boots)
Gourm  .                        r - amulet of resist corrosion
MR     .....                    f - ring of magical power
                                k - ring of protection from fire

@: confused, regenerating quickly, not resistant to hostile enchantments, very
unstealthy
A: bottle blood, fangs 3, see invisible, unbreathing
a: Bottle Blood, Channel Energy, Forget Spell, Renounce Religion


You were on level 9 of the Dungeon.
You worshipped Sif Muna.
Sif Muna was pleased with you.
You were very full.

You visited 2 branches of the dungeon, and saw 10 of its levels.

You collected 492 gold pieces.

Inventory:

Hand weapons
 z - a +0 lajatang (weapon)
Armour
 a - a +0 robe (worn)
 e - a +0 cloak (worn)
Magical devices
 h - a wand of lightning (6)
 j - a wand of lightning (6)
 u - a wand of frost (9) {unknown}
Scrolls
 c - 5 scrolls of remove curse
 d - a scroll of immolation
 g - a scroll of noise
 i - a scroll of vulnerability {unknown}
 l - a scroll of amnesia
 m - a scroll of teleportation
 n - a scroll of fog
 o - a scroll of enchant weapon {unknown}
 p - a scroll of torment {unknown}
 q - a scroll of recharging {unknown}
 t - a scroll of magic mapping {unknown}
 x - 2 scrolls of identify
Jewellery
 f - a ring of magical power (right hand)
 k - a ring of protection from fire (left hand)
 r - an amulet of resist corrosion (around neck)
Potions
 v - a potion of restore abilities
Books
 b - a book of Callings

   Spells                             Type                      Level
   *Summon Small Mammal               Summoning                    1
   *Call Imp                          Summoning                    2
   *Call Canine Familiar              Summoning                    3
   Summon Guardian Golem              Hexes/Summoning              4
   Summon Lightning Spire             Summoning/Air                4
   *Summon Ice Beast                  Ice/Summoning                4
 w - a book of Frost

   Spells                             Type                      Level
   Freeze                             Ice                          1
   Throw Frost                        Conjuration/Ice              2
   Ozocubu's Armour                   Charms/Ice                   3
   Throw Icicle                       Conjuration/Ice              4
   *Summon Ice Beast                  Ice/Summoning                4
   Condensation Shield                Ice                          4


   Skills:
 * Level 6.1 Staves
 - Level 2.1 Dodging
 - Level 3.0 Stealth
 - Level 3.4 Spellcasting
 + Level 10.3 Summonings
 + Level 6.6 Ice Magic


You had 4 spell levels left.
You knew the following spells:

 Your Spells              Type           Power        Failure   Level  Hunger
a - Summon Small Mammal   Summ           ####         1%          1    None
d - Call Canine Familiar  Summ           #####...     1%          3    ###....
i - Summon Ice Beast      Ice/Summ       #####...     6%          4    ####...
s - Call Imp              Summ           #####...     1%          2    ##.....


Dungeon Overview and Level Annotations

Branches:
Dungeon (9/15)             Temple (1/1) D:6
    Orc: D:9-12        Lair: D:8-11

Altars:
Ashenzari
Cheibriados
Dithmenos
Elyvilon
Fedhas
Gozag
Kikubaaqudgha
Makhleb
Nemelex Xobeh
Okawaru
Qazlal
Ru
Sif Muna
Trog
Vehumet
Xom
Yredelemnul
Zin
The Shining One

Shops:
D:5 !


Innate Abilities, Weirdness & Mutations

Your natural rate of healing is unusually fast.
You can bottle blood from corpses.
You have razor-sharp teeth.
You have supernaturally acute eyesight.
You can survive without breathing.


Message History

The orc wizard is severely wounded.
The orc wizard hits you with a dagger.
* * * LOW HITPOINT WARNING * * *
The orc wizard hits you with a dagger.
* * * LOW HITPOINT WARNING * * *
You completely miss the orc wizard.
The orc wizard is severely wounded.
The orc wizard closely misses you.
The orc wizard casts a spell.
The orc wizard flickers and vanishes for a moment.
You swing at nothing.
The orc wizard barely misses you. The orc wizard closely misses you.
You swing at nothing.
The orc priest calls down the wrath of Beogh upon you.
Something smites you!
* * * LOW HITPOINT WARNING * * *
The orc wizard misses you.
The orc wizard points at you and mumbles some strange words.
The magic dart hits you!
You die...

#### .o#
##o# #o@#
#.##
##########.#
#....[.....#
#.##########
#.# #.# #.#
#.#


You could see an orc priest and 2 orc wizards.

Vanquished Creatures
  A wyvern (D:9)
  A sky beast (D:9)
  A centaur (D:8)
  A necrophage (D:6)
  A phantom (D:8)
  A giant frog (D:7)
  A scorpion (D:4)
  2 crimson imps (D:7)
  A centaur skeleton (D:4)
  An orc priest (D:7)
  A centaur zombie (D:6)
  3 hounds
  A jelly (D:9)
  A giant frog skeleton (D:4)
  2 orc wizards
  An iguana (D:6)
  4 worker ants
  A mummy (D:5)
  2 worker ant zombies
  A gnoll (D:8)
  3 adders
  A shadow imp (D:8)
  An adder zombie (D:6)
  6 giant geckos
  An ooze (D:1)
  13 orcs
  5 bats
  A bat skeleton (D:5)
  5 giant cockroaches
  11 goblins
  17 hobgoblins
  3 jackals (D:4)
  7 kobolds
  A quokka (D:7)
  2 giant gecko zombies
  5 giant newts
  2 hobgoblin skeletons (D:7)
  A hobgoblin zombie (D:5)
  An orc zombie (D:5)
  14 rats
  A bush (D:6)
129 creatures vanquished.

Vanquished Creatures (collateral kills)
  An ugly thing (D:9)
  5 yaks (D:9)
  A spriggan (D:7)
  A hippogriff (D:7)
  Menkaure (D:7)
  A black bear (D:7)
  2 phantoms
  An ice beast (D:8)
  5 orc warriors
  4 ogres
  4 centaurs
  2 necrophages (D:6)
  Sigmund (D:5)
  A gnoll sergeant (D:8)
  2 giant frogs
  A scorpion (D:6)
  4 wights (D:6)
  2 hounds (D:6)
  2 crimson imps
  2 orc priests
  A giant frog zombie (D:6)
  A yellow wasp zombie (D:8)
  A giant frog skeleton (D:7)
  A quasit (D:7)
  5 orc wizards (D:8)
  5 worker ants
  2 iguanas
  3 adders
  10 gnolls
  A giant mite (D:1)
  3 worms
  An iguana skeleton (D:7)
  2 giant geckos
  19 orcs
  A giant cockroach (D:1)
  4 hobgoblins
  2 quokkas
  8 bats
  A giant newt (D:1)
  3 goblins
  4 kobolds
  A kobold zombie (D:5)
  2 orc zombies (D:5)
  6 rats
  A bush (D:6)
131 creatures vanquished.

Vanquished Creatures (others)
  2 wolves
  8 ice beasts
  A crimson imp (D:5)
  8 hounds
  2 bats (D:2)
  4 quokkas
  A rat (D:2)
  2 plants (D:6)
28 creatures vanquished.

Grand Total: 288 creatures vanquished

Notes
Turn   | Place    | Note
--------------------------------------------------------------
     0 | D:1      | PolkaDot, the Vampire Summoner, began the quest for the Orb.
     0 | D:1      | Reached XP level 1. HP: 13/13 MP: 3/3
   518 | D:1      | Reached XP level 2. HP: 4/19 MP: 0/4
  1329 | D:2      | Reached skill level 5 in Summonings
  1329 | D:2      | Reached XP level 3. HP: 13/24 MP: 1/6
  1511 | D:2      | Learned a level 3 spell: Call Canine Familiar
  1958 | D:2      | Reached XP level 4. HP: 26/30 MP: 3/7
  2759 | D:2      | Learned a level 2 spell: Call Imp
  2929 | D:3      | Reached skill level 6 in Summonings
  3289 | D:3      | HP: 1/30 [poisoned by an adder]
  3618 | D:4      | Noticed a giant frog
  3625 | D:4      | Killed a giant frog
  3625 | D:4      | Reached XP level 5. HP: 21/35 MP: 9/9
  3712 | D:4      | Found a blossoming altar of Fedhas.
  3762 | D:4      | Found an opulent altar of Gozag.
  3866 | D:4      | Found a glowing golden altar of the Shining One.
  3875 | D:4      | Reached skill level 7 in Summonings
  4087 | D:4      | Found a shimmering altar of Xom.
  4144 | D:4      | Reached XP level 6. HP: 41/41 MP: 10/10
  4512 | D:5      | Entered Level 5 of the Dungeon
  5034 | D:5      | Found Kateazig's Distillery.
  5100 | D:5      | Reached skill level 8 in Summonings
  5280 | D:5      | Noticed Sigmund
  5296 | D:5      | Reached XP level 7. HP: 38/46 MP: 13/13
  5318 | D:5      | Killed Sigmund
  5564 | D:5      | Learned a level 4 spell: Summon Ice Beast
  5820 | D:6      | Upgraded the game from 0.16-a0-623-g20b2139 to 0.16-a0-670-g3b10be2
  5856 | D:6      | Reached skill level 1 in Ice Magic
  6561 | D:6      | Found a glowing silver altar of Zin.
  6562 | D:6      | Noticed an angel
  6914 | D:6      | Found a staircase to the Ecumenical Temple.
  6920 | Temple   | Entered the Ecumenical Temple
  7034 | Temple   | Became a worshipper of Sif Muna the Loreminder
  7334 | D:6      | Found a blossoming altar of Fedhas.
  7844 | D:6      | Reached XP level 8. HP: 52/52 MP: 16/16
  7879 | D:6      | Reached skill level 9 in Summonings
  8063 | D:7      | Acquired Sif Muna's first power
  8063 | D:7      | Reached skill level 1 in Staves
  8455 | D:7      | Found a stormy altar of Qazlal.
  8455 | D:7      | Found a shadowy altar of Dithmenos.
  8836 | D:7      | Noticed Menkaure
  9284 | D:7      | Reached skill level 5 in Ice Magic
  9492 | D:7      | Killed Menkaure
 10090 | D:7      | Reached XP level 9. HP: 53/57 MP: 18/18
 11630 | D:8      | Reached skill level 5 in Staves
 12053 | D:9      | Reached skill level 10 in Summonings
 12324 | D:9      | Acquired Sif Muna's second power
 12475 | D:9      | HP: 2/57 [centaur/arrow (6)]
 12747 | D:9      | Noticed a white ugly thing
 12763 | D:9      | Killed a white ugly thing
 12995 | D:9      | Killed from afar by an orc wizard

Action                   |  1- 3 |  4- 6 |  7- 9 || total
-------------------------+-------+-------+-------++-------
Melee: Unarmed           |    62 |       |       ||    62
       Spear             |    53 |   278 |   119 ||   450
       Trident           |       |       |   107 ||   107
       Lajatang          |       |       |   223 ||   223
 Cast: Summon Small Mamm |    33 |     3 |       ||    36
       Call Canine Famil |     3 |    19 |    38 ||    60
       Call Imp          |       |    13 |     9 ||    22
       Summon Ice Beast  |       |       |    76 ||    76
Invok: Channel Energy    |       |       |    94 ||    94
Evoke: Wand              |       |     1 |       ||     1
  Use: Potion            |     4 |     5 |     7 ||    16
       Scroll            |     4 |     4 |    12 ||    20
 Stab: Sleeping          |     6 |    12 |     8 ||    26
       Distracted        |       |     1 |     5 ||     6
  Eat: Corpse            |    15 |    19 |    47 ||    81
